 Dungeon Crawl Stone Soup version 0.23-a0-358-g98c7a59 (webtiles) character file.

93 Garbasso the Chiller (level 4, -2/36 HPs)
             Began as a Ghoul Ice Elementalist on Oct 22, 2018.
             Slain by an iguana (12 damage)
             ... on level 3 of the Dungeon.
             The game lasted 00:14:15 (2819 turns).

Garbasso the Chiller (Ghoul Ice Elementalist)       Turns: 2819, Time: 00:14:15

Health: -2/36      AC:  3    Str: 11    XL:     4   Next: 61%
Magic:  1/5        EV: 12    Int: 11    God:
Gold:   120        SH:  0    Dex:  9    Spells: 3/6 levels left

rFire    . . .     SeeInvis .   (no weapon)
rCold    + . .     Gourm    .   (no shield)
rNeg     + + +     Faith    .   a - +0 robe
rPois    ∞         Spirit   .   (no helmet)
rElec    .         Reflect  .   i - +0 cloak
rCorr    .         Harm     .   (no gloves)
MR       .....                  (no boots)
Stlth    ++........             (no amulet)
HPRegen  0.00/turn              (no ring)
MPRegen  0.09/turn              (no ring)

@: rotting
A: rotting body, claws 1, carnivore, cold resistance 1, negative energy
resistance 3, inhibited regeneration, torment resistance, unbreathing
a: no special abilities


You were on level 3 of the Dungeon.
You were not hungry.

You visited 1 branch of the dungeon, and saw 3 of its levels.

You collected 120 gold pieces.

Inventory:

Armour
 a - a +0 robe (worn)
 i - a +0 cloak (worn)
Jewellery
 d - an uncursed amulet of guardian spirit {unknown}
Scrolls
 b - a scroll of fear {unknown}
 e - 2 scrolls of remove curse {unknown}
 l - a scroll of amnesia {unknown}
 m - a scroll of enchant weapon {unknown}
Potions
 f - a potion of might {unknown}
 g - a potion of haste {unknown}
 h - a potion of lignification {unknown}
 j - a potion of resistance {unknown}
 k - a potion of brilliance {unknown}
Comestibles
 c - 2 rations


   Skills:
 + Level 2.0 Fighting
 + Level 2.4 Dodging
 - Level 2.1 Stealth
 + Level 1.9 Spellcasting
 - Level 0.7 Conjurations
 * Level 4.6 Ice Magic


You had 3 spell levels left.
You knew the following spells:

 Your Spells              Type           Power        Failure   Level  Hunger
a - Freeze                Ice            ##..         4%          1    ##.....
b - Throw Frost           Conj/Ice       #.....       14%         2    ###....

Your spell library contained the following spells:

 Spells                   Type           Power        Failure   Level  Hunger
 Ozocubu's Armour         Chrm/Ice       #.......     34%         3    ####...
 Throw Icicle             Conj/Ice       #.......     67%         4    #####..
 Summon Ice Beast         Ice/Summ       #.......     75%         4    #####..


Dungeon Overview and Level Annotations

Branches:
Dungeon (3/15)

Altars:


Innate Abilities, Weirdness & Mutations

Your body is rotting away.
You thrive on raw meat.
You are immune to poison.
You have sharp fingernails.
You are carnivorous and can eat meat at any time.
Your flesh is cold resistant. (rC+)
You are immune to negative energy. (rN+++)
You do not regenerate when monsters are visible.
You are immune to unholy pain and torment.
You can survive without breathing.


Message History

The iguana barely misses you.
You closely miss the iguana.
The iguana is moderately wounded.
The iguana bites you!
* * * LOW HITPOINT WARNING * * *
A jackal comes into view.
Casting: Freeze (safe; 4% risk of failure)
Confirm with . or Enter, or press ? or * to list all spells.
Aiming: Freeze (safe; 4% risk of failure)
Press: ? - help, Shift-Dir - straight line, f/p - iguana
Aim: an iguana (moderately wounded)
You freeze the iguana.
The iguana seems to slow down.
The iguana is severely wounded.
The iguana barely misses you.
You scratch the iguana.
The iguana is severely wounded.
You completely miss the iguana.
The iguana is severely wounded.
The iguana bites you!
You die...

...######.# .#.# #.# w .#.# #.#
###. .#.######.##### #..
.#............# ..h
.########.###.# #.# .########.#
#.# #.# .#........#
#.###############.# .#.########
#.#.@lhh..........#
.#.##########.#.############..#
.#............#.# #..#
############....# #..# #....#
#.... #....# ##.##. # #..#)#
#.# # #..#.####### #.#
############..#........ ..#


You could see an iguana and 2 jackals.

Vanquished Creatures
  An adder (D:2)
  3 worms
  3 dart slugs
  3 leopard geckos
  2 orcs (D:3)
  2 ball pythons
  12 bats
  2 giant cockroaches (D:2)
  8 goblins
  4 hobgoblins
  8 jackals (D:2)
  A quokka (D:3)
  3 frilled lizards
  5 kobolds
57 creatures vanquished.

Notes
Turn   | Place    | Note
-------+----------+-------------------------------------------
     0 | D:1      | Garbasso the Ghoul Ice Elementalist began the quest for the
                  | Orb.
     0 | D:1      | Reached XP level 1. HP: 14/14 MP: 2/2
   131 | D:1      | Reached XP level 2. HP: 21/22 MP: 0/3
   135 | D:1      | Learned a level 2 spell: Throw Frost
   405 | D:1      | Reached skill level 1 in Fighting
   520 | D:1      | Reached skill level 4 in Ice Magic
   520 | D:1      | Reached XP level 3. HP: 17/28 MP: 1/4
  1856 | D:2      | Reached XP level 4. HP: 33/36 MP: 2/5
  2819 | D:3      | Slain by an iguana

Vault maps used:
D:1:      dpeg_arrival_rooms_a, minmay_misc_feat_nine_boxes
D:3:      overflow_temple_1_default, nicolae_overflow_hidden_temple,
          uniq_grinder

Skill      XL: |  1  2  3  4 |
---------------+-------------+-----
Dodging        | 2 |  2.4
Fighting       | 1 2 |  2.0
Ice Magic      | 4 |  4.6
Stealth        | |  2.1
Spellcasting   | |  1.9
Conjurations   | |  0.7

Action                   |  1- 3 |  4- 6 || total
-------------------------+-------+-------++-------
Melee: Unarmed           |    98 |    78 ||   176
 Cast: Freeze            |    41 |    19 ||    60
       Throw Frost       |     3 |     3 ||     6
 Stab: Sleeping          |     2 |     2 ||     4
  Eat: Chunk             |    10 |     4 ||    14
       Ration            |     1 |       ||     1
Armor: Robe              |    30 |    16 ||    46
Dodge: Dodged            |   102 |    46 ||   148

Table legend:
 A = Non-vault XP
 B = Vault XP
 C = Vault XP percentage of total XP
 D = Non-vault monster count
 E = Vault monster count
 F = Vault count percentage of total count
                 A         B        C        D         E       F
            +---------+---------+-------+---------+---------+-------
      Total |     133 |       0 |   0.0 |      57 |       0 |   0.0
            +---------+---------+-------+---------+---------+-------
        D:1 |      35 |       0 |   0.0 |      17 |       0 |   0.0
        D:2 |      72 |       0 |   0.0 |      29 |       0 |   0.0
        D:3 |      26 |       0 |   0.0 |      11 |       0 |   0.0
            +---------+---------+-------+---------+---------+-------
